[Event "Live Chess"]
[Site "Chess.com"]
[Date "2024.06.02"]
[Round "-"]
[White "Tatarinov_Maxim"]
[Black "ProfPoisson"]
[Result "0-1"]
[WhiteElo "2261"]
[BlackElo "1340"]
[TimeControl "300"]
[EndTime "0:41:23 PDT"]
[Termination "ProfPoisson won by resignation"]

1. d4 e6 2. c4 f5 3. g3 Nf6 4. Bg2 Be7 5. Nd2 O-O 6. Ngf3 d6 7. O-O a5 8. b3 Qe8 9. Bb2 Ne4 10. d5 e5 11.
Nxe4 fxe4 12. Nd2 Bf5 13. Nxe4 Bxe4 14. Bxe4 Nd7 15. Qc2 Nf6 16. Bf3 h5 17. h4 Qd7 18.
a3 Ng4 19. b4 axb4 20. axb4 Rxa1 21. Bxa1 Qf5 22. Qxf5 Rxf5 23. Bxg4 hxg4 24. Kg2 Kf7 25. Bc3 c6 26. Ra1 cxd5 27. cxd5 Kg6 28. Ra7 Bf6 29. Rxb7 e4 30. Bxf6 Kxf6 31. Rb5 Re5 32. e3 Rf5 33. Kf1 Ke5 34. Ke2 Kf6 35. Ra5 Ke5 36.
Ra2 Rf7 37. b5 Kxd5 38. b6 Rb7 39. Rb2 Kc6 40. Rb4 d5 41. Kd2 Rxb6 42. Kc3 Rxb4 43. Kxb4 Kd6 44. Kb5 Ke5 45. Kc5 g6 46. Kc6 d4 47.
exd4+ Kxd4 48. Kd6 e3 49. fxe3+ Kxe3 50. Ke5 Kf3 51. Kf6 Kxg3 52. Kxg6 Kxh4 53. Kf5 g3 0-1

[Event "Live Chess"]
[Site "Chess.com"]
[Date "2024.06.02"]
[Round "-"]
[White "Kyrylo7770"]
[Black "Ksenia_2013"]
[Result "1-0"]
[WhiteElo "1629"]
[BlackElo "943"]
[TimeControl "300"]
[EndTime "0:42:11 PDT"]
[Termination "Kyrylo7770 won by checkmate"]

1. d4 d5 2. Nf3 Bf5 3. Bg5 Nf6 4. e3 g6 5. h3 Bg7 6. c3 O-O 7. Bd3 Bxd3 8. Qxd3 Nc6 9. h4 h6 10. Bxf6 Bxf6 11.
h5 Bg7 12. hxg6 fxg6 13. Qxg6 e5 14. Rxh6 Rf6 15. Qh7+ Kf7 16. Rxf6+ Kxf6 17. Qh4+ Kf7 18. Ng5+ Kg6 19. Qh7+ Kxg5 20. Qxg7+ Kh5 21. g4+ Kh4 22.
Nd2 exd4 23. O-O-O dxe3 24. Rh1# 1-0

[Event "Live Chess"]
[Site "Chess.com"]
[Date "2024.06.02"]
[Round "-"]
[White "MagnersCarlsberg2870"]
[Black "KeithArkell"]
[Result "0-1"]
[WhiteElo "1819"]
[BlackElo "2414"]
[TimeControl "300"]
[EndTime "0:42:41 PDT"]
[Termination "KeithArkell won by resignation"]

1. Nf3 b5 2. g3 Bb7 3. Bg2 Nf6 4. d3 e6 5. Nbd2 d5 6. e4 dxe4 7. dxe4 Nxe4 8. O-O Nxd2 9. Bxd2 Be7 10. Qe2 a6 11. Rad1 Bd6 12. Bc3 O-O 13. Ne5 Bxg2 14. Kxg2 Nd7 15.
Qg4 Nxe5 16. Bxe5 g6 17. Qf3 Qe7 18. Bf6 Qd7 19. Qe3 Rfe8 20. Qh6 Qc6+ 21. Kg1 Bf8 22. Qe3 Bg7 23. Bxg7 Kxg7 24. Rd4 Qxc2 25. Rh4 h5 26. g4 hxg4 27. Qh6+ Kf6 28. Qg5+ Kxg5 0-1

[Event "Live Chess"]
[Site "Chess.com"]
[Date "2024.06.02"]
[Round "-"]
[White "SimonBoy1"]
[Black "juniortay"]
[Result "0-1"]
[WhiteElo "1530"]
[BlackElo "2384"]
[TimeControl "300"]
[EndTime "0:42:48 PDT"]
[Termination "juniortay won by resignation"]

1. e4 e5 2. Nf3 Nf6 3. d4 Nxe4 4. Qe2 d5 5. Nxe5 Be7 6. Nc3 Nxc3 7. bxc3 O-O 8. Qd3 Nc6 9. f4 f6 10. Nf3 g6 11. Be2 Bf5 12. Qd2 Bd6 13. O-O Re8 14.
Bd3 Qd7 15. Bxf5 Qxf5 16. Qd3 Qxd3 17. cxd3 Re2 18. f5 g5 19. a4 Rae8 20. Ba3 Rc2 21.
Bxd6 cxd6 22. Rae1 Kf7 23. Rxe8 Kxe8 24. Re1+ Kf7 25.
Re6 Rxc3 26. Ne1 Nxd4 27. Rxd6 Nxf5 28. Rxd5 Ke6 29. Rb5 b6 30. a5 Rc5 31. Rxc5 bxc5 32. Kf2 Kd5 33. Kf3 Kd4 34. Kg4 Ne3+ 35. Kf3 f5 36. h4 h6 37. h5 Nd5 38. g3 g4+ 39. Ke2 Kc3 40. Ng2 Kb4 41. Ne3 Nxe3 42.
Kxe3 Kxa5 43. Kf4 Kb4 44. Kxf5 a5 45. Kg6 a4 46. Kxh6 a3 47. Kg7 a2 48. h6 a1=Q+ 49. Kg8 Qa8+ 50. Kg7 Qb7+ 51. Kg8 Qb8+ 52. Kg7 Qxg3 53.
h7 Qe5+ 54. Kg8 g3 55. h8=Q Qxh8+ 56. Kxh8 g2 0-1

[Event "Live Chess"]
[Site "Chess.com"]
[Date "2024.06.02"]
[Round "-"]
[White "NAZRIZ1977"]
[Black "McFim"]
[Result "1-0"]
[WhiteElo "2128"]
[BlackElo "1707"]
[TimeControl "300"]
[EndTime "0:43:27 PDT"]
[Termination "NAZRIZ1977 won by resignation"]

1. d4 d5 2. Nf3 Nf6 3. e3 Bf5 4. c4 e6 5. Qb3 b6 6. Nc3 Nbd7 7. cxd5 exd5 8. Nxd5 Be6 9. Nxf6+ Nxf6 10. Qa4+ Bd7 11.
Bb5 Bd6 12. O-O O-O 13. Bxd7 Nxd7 14. e4 a5 15. e5 Be7 16. Bf4 Re8 17. Rac1 Rc8 18.
Rfd1 Nf8 19. d5 Ng6 20. Bg3 Bc5 21. d6 cxd6 22. exd6 Re6 23. d7 Ra8 24. a3 Nf8 25. b4 axb4 26. Qxa8 Qxa8 27. d8=Q Qxd8 28. Rxd8 bxa3 29.
Rb8 h6 30. Nd2 Kh7 31. Nc4 Nd7 32. Rb7 Nf6 33. Ra1 Nd5 34. h3 f5 35. Nxa3 Nc3 36.
Kf1 Ne4 37. Nc4 Nxg3+ 38. fxg3 Kg6 39. Nxb6 1-0

[Event "Live Chess"]
[Site "Chess.com"]
[Date "2024.06.02"]
[Round "-"]
[White "NatashaRegan"]
[Black "Lukaskonstanta4"]
[Result "1-0"]
[WhiteElo "1722"]
[BlackElo "918"]
[TimeControl "300"]
[EndTime "0:44:09 PDT"]
[Termination "NatashaRegan won on time"]

1. Nf3 Nc6 2. d4 d5 3. c4 e6 4. Nc3 Nf6 5. g3 Be7 6. Bg2 O-O 7. O-O a6 8. cxd5 exd5 9. Bf4 Bf5 10. Rc1 Qd7 11. Re1 Bd6 12. Ne5 Qe7 13. Nxc6 bxc6 14.
e3 Bxf4 15. exf4 Qd6 16. Na4 Be4 17. f3 Bf5 18. Nc5 a5 19. Qd2 Nd7 20. g4 1-0

[Event "Live Chess"]
[Site "Chess.com"]
[Date "2024.06.02"]
[Round "-"]
[White "MagnersCarlsberg2870"]
[Black "SimonBoy1"]
[Result "1-0"]
[WhiteElo "1822"]
[BlackElo "1527"]
[TimeControl "300"]
[EndTime "0:44:11 PDT"]
[Termination "MagnersCarlsberg2870 won by resignation"]

1. d4 d5 2. e3 e6 3. Bd3 Nf6 4. Nd2 Be7 5. Qe2 c6 6. f4 O-O 7. Ngf3 b6 8. O-O Bb7 9. Ne5 Nbd7 10. Rf3 Rc8 11. Rh3 c5 12. c3 a5 13. g4 a4 14. g5 Ne8 15. Bxh7+ 1-0

[Event "Live Chess"]
[Site "Chess.com"]
[Date "2024.06.02"]
[Round "-"]
[White "GerardATHart"]
[Black "yarek"]
[Result "0-1"]
[WhiteElo "1377"]
[BlackElo "1719"]
[TimeControl "300"]
[EndTime "0:44:20 PDT"]
[Termination "yarek won by resignation"]

1. e4 g6 2. d4 Bg7 3. c4 c6 4.
Nc3 d6 5. Nf3 Bg4 6. Be3 Nf6 7.
Qd2 Bxf3 8. gxf3 Nbd7 9. O-O-O a5 10. e5 dxe5 11. dxe5 Nxe5 12. Bf4 Nxf3 13. Qe3 Qc8 14. Qxf3 O-O 15. h4 h5 16. Bh3 e6 17. Qe3 Kh7 18. Ne4 Nxe4 19. Qxe4 b5 20. c5 b4 21. Bd6 Re8 22.
Bf1 a4 23. Bc4 a3 24. b3 e5 25. Bxf7 Rd8 26. Qxg6+ Kh8 27. Qh6+ Bxh6+ 0-1

[Event "Live Chess"]
[Site "Chess.com"]
[Date "2024.06.02"]
[Round "-"]
[White "JanMur7"]
[Black "Kyrylo7770"]
[Result "1-0"]
[WhiteElo "2250"]
[BlackElo "1629"]
[TimeControl "300"]
[EndTime "0:44:27 PDT"]
[Termination "JanMur7 won by checkmate"]

1. c4 c6 2. d4 d5 3. Nc3 Bg4 4. cxd5 cxd5 5. Qb3 b6 6. Qxd5 Qxd5 7. Nxd5 Na6 8. e4 e6 9. Bxa6 exd5 10. Bb7 Rb8 11.
Bxd5 Bb4+ 12. Bd2 Bxd2+ 13. Kxd2 Nf6 14. Bc6+ Ke7 15. f3 Bd7 16. Bxd7 Nxd7 17. Ne2 Rbc8 18.
Rac1 Rcd8 19. Rc7 Kf6 20. Ke3 Kg6 21. Nf4+ Kg5 22. h4+ Kf6 23. Rxa7 g5 24. hxg5+ Kxg5 25. Rh5+ Kf6 26. Rf5+ Kg7 27. Nh5+ Kg6 28. g4 Rhf8 29. f4 Nb8 30. Rf6# 1-0

[Event "Live Chess"]
[Site "Chess.com"]
[Date "2024.06.02"]
[Round "-"]
[White "peteopeteo"]
[Black "Hacker_2009"]
[Result "0-1"]
[WhiteElo "1539"]
[BlackElo "2236"]
[TimeControl "300"]
[EndTime "0:44:29 PDT"]
[Termination "Hacker_2009 won by resignation"]

1. e4 c5 2. a3 e6 3. b4 cxb4 4. axb4 Bxb4 5. c3 Bf8 6. d4 d5 7. exd5 exd5 8. Nf3 Nf6 9. Bd3 Be7 10. Ne5 O-O 11. h4 Nc6 12. g4 Nxe5 13. dxe5 Nxg4 14. Rg1 Bxh4 15. Rxg4 Bxg4 16. Qxg4 Re8 17. Bf4 Bf6 18. Qh5 g6 19. Qh3 Bxe5 20. Be3 d4 21. cxd4 Bxd4 22.
Ra4 Bxe3 23. fxe3 Qxd3 24. Rh4 Rxe3+ 25. Qxe3 Qxe3+ 26. Kd1 Rd8+ 27. Kc2 Qf2+ 0-1

[Event "Live Chess"]
[Site "Chess.com"]
[Date "2024.06.02"]
[Round "-"]
[White "KeithArkell"]
[Black "Ksenia_2013"]
[Result "1-0"]
[WhiteElo "2414"]
[BlackElo "943"]
[TimeControl "300"]
[EndTime "0:44:29 PDT"]
[Termination "KeithArkell won by resignation"]

1. d4 d5 2. Nf3 Nc6 3. c4 dxc4 4. e4 Be6 5. d5 Na5 6. dxe6 fxe6 7. Qxd8+ Rxd8 8. Bd2 c3 9. Bxc3 Nc4 10. Bxc4 Nf6 11.
Nbd2 g6 12. Bxe6 Bh6 13. Ke2 Ng4 14. Bxg4 1-0

[Event "Live Chess"]
[Site "Chess.com"]
[Date "2024.06.02"]
[Round "-"]
[White "CliveFrostick"]
[Black "NottheBishopSacrifice"]
[Result "0-1"]
[WhiteElo "1864"]
[BlackElo "2306"]
[TimeControl "300"]
[EndTime "0:44:48 PDT"]
[Termination "NottheBishopSacrifice won by resignation"]

1. e4 c6 2. Nc3 d5 3. Nf3 dxe4 4.
Nxe4 Nf6 5. Qe2 Nxe4 6. Qxe4 Nd7 7. Bc4 Nf6 8. Ne5 e6 9. Qe2 b5 10. Bb3 Qc7 11. a4 b4 12. d4 Bd6 13. Nc4 O-O 14.
Nxd6 Qxd6 15. Be3 a5 16. O-O Ba6 17. Bc4 Bxc4 18. Qxc4 Qd5 19. Qd3 Nd7 20. c4 bxc3 21.
bxc3 Nb6 22. Rfb1 Nc4 23. Rb7 Rab8 24. Rab1 Rxb7 25. Rxb7 Nxe3 26. fxe3 Qa2 27. Qb1 Qxa4 28. Qb6 Qd1+ 29. Kf2 Qd2+ 30. Kf3 Qxc3 31. Rc7 Qe1 32. Qxc6 Qf1+ 33. Kg3 Qe1+ 34. Kf3 Qd1+ 35. Kg3 a4 36. Ra7 Qb3 37. Kf3 a3 38. Ra8 g6 39. Rxf8+ Kxf8 40. Qd6+ Kg8 41. Kf4 a2 42. Qa6 Qb1 0-1

[Event "Live Chess"]
[Site "Chess.com"]
[Date "2024.06.02"]
[Round "-"]
[White "Duke_of_Bebington"]
[Black "Crowded_House"]
[Result "1-0"]
[WhiteElo "1696"]
[BlackElo "1667"]
[TimeControl "300"]
[EndTime "0:45:16 PDT"]
[Termination "Duke_of_Bebington won by checkmate"]

1. e4 e6 2. d4 d5 3. Nd2 dxe4 4.
Nxe4 Bd7 5. Bd3 Bc6 6. Nf3 Nd7 7. O-O Ngf6 8. Re1 Be7 9. Bf4 O-O 10. c3 Nh5 11. Bc1 Nhf6 12. Ng3 h6 13. Bb1 Nb6 14. Qd3 Qd7 15. Ne5 Qd5 16. Nxc6 Qxc6 17. Nh5 g6 18. Nxf6+ Bxf6 19. Bxh6 Bg7 20. Bxg7 Kxg7 21.
b3 Rad8 22. Qg3 Qd6 23. Re3 Qxg3 24. Rxg3 Rh8 25. Be4 c6 26. Re1 Nd5 27. Bxd5 cxd5 28. Ree3 Rc8 29. Kf1 Rc7 30. h3 Rhc8 31. Ke2 Rc6 32.
Kd2 Ra6 33. a4 Rcc6 34. Re5 Rcb6 35. Kc2 Rc6 36. h4 Kf8 37. h5 gxh5 38. Rxh5 Rc7 39.
Rh8+ Ke7 40. Rh7 Kf8 41. Rf3 Rd6 42. g4 Kg8 43. Rh5 Kg7 44. g5 Rd8 45. Rfh3 Kg6 46. f4 Rcc8 47. Kd3 Rg8 48. Rh7 Rg7 49. R3h6+ Kf5 50.
Rf6+ Kg4 51. Rxg7 Rh8 52. Rh6 Rf8 53. Ke3 a6 54. Rgh7 Kf5 55. Rf6+ Kg4 56. Rhxf7 Rh8 57.
Rh6 Rg8 58. Rxe6 Rh8 59. Rh6 Rg8 60. Rfh7 Rf8 61. Rh4+ Kf5 62. R7h6 Re8+ 63. Kf3 Re1 64.
Rf6# 1-0

[Event "Live Chess"]
[Site "Chess.com"]
[Date "2024.06.02"]
[Round "-"]
[White "ProfPoisson"]
[Black "DavrosLight"]
[Result "1-0"]
[WhiteElo "1341"]
[BlackElo "763"]
[TimeControl "300"]
[EndTime "0:45:23 PDT"]
[Termination "ProfPoisson won by resignation"]

1. e4 e5 2. Nf3 Nc6 3. d4 exd4 4.
Bc4 Nf6 5. e5 Bb4+ 6. c3 dxc3 7.
bxc3 Qe7 8. cxb4 Nxe5 9. O-O Nxc4 10. Re1 Qxe1+ 11. Qxe1+ Kd8 12. Bg5 Re8 13. Bxf6+ gxf6 14. Qc3 1-0

[Event "Live Chess"]
[Site "Chess.com"]
[Date "2024.06.02"]
[Round "-"]
[White "hapehansen"]
[Black "Ferrarifan27"]
[Result "1/2-1/2"]
[WhiteElo "2248"]
[BlackElo "2122"]
[TimeControl "300"]
[EndTime "0:45:38 PDT"]
[Termination "Game drawn by repetition"]

1. Nf3 Nf6 2. c4 e6 3. g3 d5 4. Bg2 Be7 5. O-O O-O 6. d4 dxc4 7. Qc2 Bd7 8. Qxc4 Bc6 9. Nc3 Nbd7 10. Bg5 h6 11.
Bxf6 Nxf6 12. Rfd1 Ne4 13. Nxe4 Bxe4 14. Rac1 c6 15.
Qc3 Bf6 16. a3 Qd5 17. Ne1 Bxg2 18. Nxg2 Rfd8 19. e3 Qf3 20. Ne1 Qd5 21. Qc5 Qxc5 22. Rxc5 Rd5 23. Nd3 Rad8 24. Kf1 Be7 25. Rcc1 c5 26. Ke2 cxd4 27. e4 Rb5 28. Rc4 f6 29. Rdc1 e5 30. Rc8 Rxc8 31. Rxc8+ Kf7 32. Rc7 Ke6 33. f4 a5 34. Kd2 a4 35. Rc4 Ra5 36. Rc7 Rb5 37. Rc4 Ra5 38. Rc7 Rb5 1/2-1/2

[Event "Live Chess"]
[Site "Chess.com"]
[Date "2024.06.02"]
[Round "-"]
[White "RG_ChessLegend"]
[Black "Greenbecker"]
[Result "1-0"]
[WhiteElo "1510"]
[BlackElo "1745"]
[TimeControl "300"]
[EndTime "0:45:55 PDT"]
[Termination "RG_ChessLegend won by resignation"]

1. e4 Nc6 2. Nf3 d6 3. d4 g6 4. Bd3 Bg7 5. c3 Bg4 6. O-O e6 7. Bf4 Nge7 8. h3 Bxf3 9. Qxf3 O-O 10. Nd2 e5 11. dxe5 Nxe5 12. Bxe5 Bxe5 13. Nc4 Bg7 14.
Rad1 f5 15. exf5 Nxf5 16. Qd5+ Kh8 17. Qxb7 d5 18. Bxf5 Rxf5 19. Ne3 Rb8 20. Qxa7 Ra8 21. Qb7 Rb8 22. Qc6 Rf6 23. Qxd5 Rd6 24. Qc5 Rxb2 25. Rxd6 cxd6 26. Qa3 Rd2 27. Rd1 Rxd1+ 28. Nxd1 h5 29.
Qb3 Qc7 30. a4 Qa5 31. Qb8+ Kh7 32. Qxd6 Qxa4 33. Qd2 Be5 34. g3 h4 35. g4 Qe4 36.
Qd7+ Kh6 37. Qd2+ Bf4 38. Qd4 Qf3 39. Qh8+ Kg5 40. Qd8+ Kh6 41. Qxh4+ Kg7 42. Qe7+ Kh6 43. Qd7 Qxh3 44. g5+ Bxg5 45. Qxh3+ 1-0

[Event "Live Chess"]
[Site "Chess.com"]
[Date "2024.06.02"]
[Round "-"]
[White "Kyrylo7770"]
[Black "peteopeteo"]
[Result "0-1"]
[WhiteElo "1619"]
[BlackElo "1549"]
[TimeControl "300"]
[EndTime "0:46:19 PDT"]
[Termination "peteopeteo won by resignation"]

1. d4 d5 2. Nf3 Bf5 3. Bg5 h6 4.
Bh4 Nf6 5. e3 e6 6. c3 Be7 7. Bd3 Bxd3 8. Qxd3 Ne4 9. Bxe7 Qxe7 10.
Ne5 Nd7 11. f4 Qh4+ 12. g3 Nxg3 13. Nf3 Qh5 14. Kf2 Ne4+ 15. Kg2 Qg6+ 16. Kf1 Ng3+ 17.
hxg3 Qxd3+ 18. Kg2 Qe2+ 0-1

[Event "Live Chess"]
[Site "Chess.com"]
[Date "2024.06.02"]
[Round "-"]
[White "Jadmis_2011"]
[Black "f4nomore"]
[Result "1-0"]
[WhiteElo "1460"]
[BlackElo "1248"]
[TimeControl "300"]
[EndTime "0:46:37 PDT"]
[Termination "Jadmis_2011 won on time"]

1. e4 g6 2. d4 Bg7 3. Nf3 d6 4. Nc3 Nd7 5. Be3 b6 6. Bd3 Bb7 7.
O-O c5 8. d5 Ngf6 9. h3 O-O 10.
Qd2 Rc8 11. Bh6 c4 12. Bxg7 Kxg7 13. Be2 Nc5 14. Bxc4 Ncxe4 15. Nxe4 Nxe4 16. Qd4+ Nf6 17. Bb3 Rc5 18. c4 b5 19. cxb5 Rxb5 20. Qxa7 Bxd5 21. Bxd5 Nxd5 22. Qd4+ Nf6 23. b3 Rd5 24. Qb2 Qb6 25. Rfd1 Rxd1+ 26. Rxd1 Rc8 27. Rc1 Rxc1+ 28. Qxc1 Qa6 29.
Qb2 h6 30. a4 e5 31. Qc3 Qe2 32.
Qd2 Qxd2 33. Nxd2 Nd5 34. Nc4 Nb4 35. Nxd6 f5 36. a5 e4 37. Kf1 Kf6 38. Nc4 Ke6 39. Ke2 Kd5 40. Ke3 g5 41. g3 Nc2+ 42. Kd2 Nb4 43. Kc3 Na6 44. b4 h5 45. b5 Nb8 46.
Kb4 f4 47. gxf4 gxf4 48. a6 1-0

[Event "Live Chess"]
[Site "Chess.com"]
[Date "2024.06.02"]
[Round "-"]
[White "Vladyslav2008"]
[Black "vincents82"]
[Result "1-0"]
[WhiteElo "2255"]
[BlackElo "2005"]
[TimeControl "300"]
[EndTime "0:46:48 PDT"]
[Termination "Vladyslav2008 won by resignation"]

1. d4 d5 2. c4 c6 3. Nf3 Nf6 4. Nc3 dxc4 5. a4 Bf5 6. e3 e6 7. Bxc4 Bb4 8. O-O Nbd7 9. Qe2 Bg6 10. Bd2 O-O 11. Rfe1 Bh5 12. e4 e5 13. d5 Nb6 14.
Bb3 cxd5 15. Nxd5 Nbxd5 16. exd5 Bxd2 17. Qxd2 Bxf3 18. gxf3 Qd6 19. Qg5 Rfe8 20. Rad1 h6 21. Qg3 Nh5 22. Qh4 Nf4 23. Re3 Qg6+ 24. Qg3 Qd6 25.
Kh1 Rac8 26. Rg1 g5 27. h4 f6 28. Qg4 Kg7 29. Ba2 Rc2 30. Bb1 Rxf2 31. Qf5 Rh8 32. Rb3 b6 33. Rc3 e4 34. Rc6 Qe7 35.
Bxe4 Rd2 36. Rgc1 Rd8 37. Rc7 1-0

[Event "Live Chess"]
[Site "Chess.com"]
[Date "2024.06.02"]
[Round "-"]
[White "SimonBoy1"]
[Black "NAZRIZ1977"]
[Result "0-1"]
[WhiteElo "1526"]
[BlackElo "2128"]
[TimeControl "300"]
[EndTime "0:47:00 PDT"]
[Termination "NAZRIZ1977 won by resignation"]

1. e4 d6 2. d4 Nf6 3. Nc3 Nbd7 4. Bd3 e5 5. d5 Be7 6. f4 exf4 7.
Bxf4 O-O 8. Qf3 Ne5 9. Bxe5 dxe5 10. O-O-O Bg4 11. Qg3 Bxd1 12. Kxd1 Qd7 13. Nf3 Qg4 14. Qxe5 Qxg2 15. Rf1 Bd6 16. Qf5 Qg4 17. e5 Bxe5 18. Qxg4 Nxg4 19. Rg1 Nxh2 20. Rg2 Nxf3 0-1

[Event "Live Chess"]
[Site "Chess.com"]
[Date "2024.06.02"]
[Round "-"]
[White "AndrewBak1"]
[Black "Dhaydon19"]
[Result "0-1"]
[WhiteElo "1884"]
[BlackElo "2651"]
[TimeControl "300"]
[EndTime "0:47:28 PDT"]
[Termination "Dhaydon19 won by resignation"]

1. e4 e6 2. d4 d5 3. Nc3 dxe4 4.
Nxe4 Nd7 5. Bd3 Ngf6 6. c3 Nxe4 7.
Bxe4 Nf6 8. Bc2 Bd7 9. Nf3 Bc6 10. Bg5 h6 11. Bh4 Be7 12. O-O Qd5 13. Re1 Qh5 14.
Bxf6 gxf6 15. Be4 Bxe4 16. Rxe4 f5 17. Re1 Rg8 18. Ne5 Qxd1 19. Raxd1 Bd6 20. d5 Ke7 21. Nf3 Kf6 22. c4 a6 23. a3 e5 24. b4 b6 25. Rc1 e4 26. Nd4 a5 27. Nc6 axb4 28.
axb4 Ra4 29. c5 Bf4 30. Ra1 Rxa1 31. Rxa1 bxc5 32. bxc5 Rc8 33. Ra6 Kg7 34. g3 Bg5 35. h4 Bf6 36. Kf1 Kf8 37. Na7 Ra8 38. Rxf6 Rxa7 39.
Rxh6 Ke7 40. d6+ cxd6 41. cxd6+ Kf8 42. Rf6 Ra5 43. Ke2 Rd5 44. Ke3 Kg7 45. Rxf5 Rxf5 46. Kxe4 Rxf2 47. g4 Kf6 48. g5+ Ke6 49. h5 Kxd6 50. h6 Ke6 0-1

[Event "Live Chess"]
[Site "Chess.com"]
[Date "2024.06.02"]
[Round "-"]
[White "ProfPoisson"]
[Black "Duke_of_Bebington"]
[Result "0-1"]
[WhiteElo "1339"]
[BlackElo "1698"]
[TimeControl "300"]
[EndTime "0:47:42 PDT"]
[Termination "Duke_of_Bebington won by resignation"]

1. e4 g5 2. Nc3 Nc6 3. Bc4 Bg7 4.
Qf3 e6 5. d3 Nge7 6. Bxg5 b6 7.
Bxe7 Qxe7 8. O-O-O Bb7 9. Nh3 Nd4 10. Qf4 Bh6 11. Ng5 Bxg5 12. Qxg5 Qxg5+ 0-1

[Event "Live Chess"]
[Site "Chess.com"]
[Date "2024.06.02"]
[Round "-"]
[White "NottheBishopSacrifice"]
[Black "elephantgerrald"]
[Result "1-0"]
[WhiteElo "2306"]
[BlackElo "822"]
[TimeControl "300"]
[EndTime "0:48:15 PDT"]
[Termination "NottheBishopSacrifice won by checkmate"]

1. Nf3 d5 2. e4 dxe4 3. Ng5 Nf6 4. Nc3 h6 5. Ngxe4 Nxe4 6. Nxe4 Qd5 7. Nc3 Qe5+ 8. Qe2 Qxe2+ 9. Bxe2 e6 10. O-O Bb4 11.
Ne4 O-O 12. c3 Bd6 13. d4 f5 14. Nxd6 cxd6 15. Bf4 Re8 16. Bxd6 Nc6 17. Bf3 Bd7 18.
Rfe1 Kf7 19. g4 g6 20. gxf5 gxf5 21. Bh5+ Kf6 22. Bxe8 Rxe8 23. Kf1 Na5 24. Be5+ Kf7 25. Ke2 Bb5+ 26. Kd2 Nc4+ 27. Kc2 Ba4+ 28. b3 Na3+ 29.
Kb2 Nc4+ 30. bxc4 Bc6 31. Rg1 Be4 32. Rg7+ Kf8 33. Rag1 f4 34. Rg8+ Ke7 35. R1g7+ Kd8 36. Bc7+ Kc8 37. Rxe8# 1-0

[Event "Live Chess"]
[Site "Chess.com"]
[Date "2024.06.02"]
[Round "-"]
[White "CheckThis4"]
[Black "silunn"]
[Result "1-0"]
[WhiteElo "2694"]
[BlackElo "2198"]
[TimeControl "300"]
[EndTime "0:48:58 PDT"]
[Termination "CheckThis4 won on time"]

1. d4 e6 2. e4 d5 3. e5 c5 4. c3 Nc6 5. Nf3 Qb6 6. Be2 cxd4 7.
cxd4 Nh6 8. Bxh6 gxh6 9. O-O Bg7 10. Nc3 a6 11. Re1 O-O 12. Na4 Qa5 13. a3 f6 14.
exf6 Bxf6 15. Rc1 Bd7 16. Nc5 Qc7 17. Bf1 Rad8 18. Rxe6 Bxe6 19. Nxe6 Qb6 20. b4 Rde8 21. Nxf8 Kxf8 22. Rc5 Qd8 23. Qb3 Ne7 24. Rc1 Ng6 25. Rc5 Ne7 26. Rc3 Qd6 27. Re3 Nf5 28. Rxe8+ Kxe8 29. Qd3 Qf4 30. g3 Qe4 31. b5 Qxd3 32.
Bxd3 Nxd4 33. Nxd4 Bxd4 34. bxa6 bxa6 35. Bxa6 Bc5 36.
a4 Bb4 37. Bd3 Ke7 38. Bxh7 Kf6 39. Kf1 Ke5 40. Bd3 Kd4 41. Ke2 Kc3 42. h4 Kd4 43. g4 Ke5 44. Ke3 Bc5+ 45. Kf3 Bb4 46. Bb5 Ba5 47. Bd7 Bb6 48. g5 hxg5 49. hxg5 Ba5 50. g6 Kf6 51. Be8 Bb6 52. Ke2 Bc5 53. f4 Bb6 54.
Kd3 Ke7 55. Bf7 Kf6 56. Kc3 Bc5 57. a5 Ba7 58. a6 Bb6 59. Kb4 Ba7 60. Kb5 Kg7 61.
f5 Kf6 62. Bxd5 Kg7 63. Kc6 Kf6 64. Kb7 Be3 65. a7 Bxa7 66. Kxa7 Kg7 67. Kb7 Kf6 68. Kc6 Kg7 69. Kd6 Kf6 70. Be6 Kg7 71. Ke7 Kh8 72. Bd7 Kg7 73. f6+ Kxg6 74. f7 Kg5 75. f8=Q Kh4 76. Qg7 Kh5 77. Kf6 1-0

[Event "Live Chess"]
[Site "Chess.com"]
[Date "2024.06.02"]
[Round "-"]
[White "KeithArkell"]
[Black "JanMur7"]
[Result "1/2-1/2"]
[WhiteElo "2411"]
[BlackElo "2254"]
[TimeControl "300"]
[EndTime "0:49:53 PDT"]
[Termination "Game drawn by agreement"]

1. d4 d5 2. Nf3 Nf6 3. c4 e6 4. cxd5 exd5 5. Nc3 Be7 6. Bg5 h6 7. Bxf6 Bxf6 8. b4 a5 9. b5 O-O 10. e3 Bg4 11. Be2 c6 12. bxc6 bxc6 13. Rc1 Nd7 14. Na4 Rc8 15. O-O Be7 16. Ne1 Bxe2 17.
Qxe2 c5 18. dxc5 Nxc5 19. Nxc5 Rxc5 20. Nf3 Qd6 21. Rxc5 Qxc5 22. Rd1 Rd8 23. g3 Bf6 24. Qd3 Rd6 25. Kg2 g6 26. Rd2 Qb4 27. Rc2 d4 28. e4 Re6 29. Rc4 Qb7 30. Rc5 Qxe4 31. Qxe4 Rxe4 32.
Rxa5 Re2 33. a4 Ra2 34. Ra6 Kg7 35. a5 d3 36. Rd6 Rxa5 37. Rxd3 h5 38. Nd2 Ra4 1/2-1/2

[Event "Live Chess"]
[Site "Chess.com"]
[Date "2024.06.02"]
[Round "-"]
[White "Hacker_2009"]
[Black "MagnersCarlsberg2870"]
[Result "1-0"]
[WhiteElo "2237"]
[BlackElo "1821"]
[TimeControl "300"]
[EndTime "0:50:23 PDT"]
[Termination "Hacker_2009 won by resignation"]

1. e4 d5 2. exd5 Nf6 3. d4 Qxd5 4. c4 Qe4+ 5. Ne2 Bf5 6. Nc3 Qc6 7. Ng3 Bg6 8. c5 a6 9. Be3 Nbd7 10. d5 Nxd5 11. Qxd5 e6 12. Qxc6 bxc6 13. Be2 Rb8 14. b3 Bxc5 15.
Bxc5 Nxc5 16. O-O O-O 17. Rac1 Nd3 18. Bxd3 Bxd3 19. Rfd1 Bg6 20. Rd7 Rfd8 21. Rcd1 Rxd7 22. Rxd7 h6 23. Rxc7 Rd8 24. Rxc6 Rd2 25. h3 Rc2 26. Rc5 Rc1+ 27. Kh2 Rc2 28. a4 Rxf2 29. Ra5 Rc2 30. Nce4 Rb2 31. Nc5 f5 32. Rxa6 e5 33. Rxg6 1-0

[Event "Live Chess"]
[Site "Chess.com"]
[Date "2024.06.02"]
[Round "-"]
[White "Ferrarifan27"]
[Black "RG_ChessLegend"]
[Result "1-0"]
[WhiteElo "2122"]
[BlackElo "1510"]
[TimeControl "300"]
[EndTime "0:50:26 PDT"]
[Termination "Ferrarifan27 won by resignation"]

1. e4 c5 2. Nf3 d6 3. d4 cxd4 4. Nxd4 Nf6 5. Nc3 a6 6. Bg5 e6 7. f4 Be7 8. Qf3 Qc7 9. O-O-O h6 10. Bh4 Nc6 11. g4 Nxd4 12. Rxd4 e5 13. Rc4 Qb6 14.
Bxf6 Bxf6 15. Nd5 Qd8 16. Nc7+ Kf8 17. Nxa8 exf4 18. Qb3 Be6 19. Qxb7 Bxc4 20. Bxc4 Qe8 21. Nc7 Qe7 22. Qc8+ Qd8 23. Qxd8+ Bxd8 24. Nxa6 f6 25. Rd1 Be7 26. Nb4 g5 27. Nc6 Rh7 28. Nxe7 Rxe7 29. Rxd6 Rxe4 30. Rxf6+ Ke7 31. Rf7+ Ke8 32. Bb3 1-0

[Event "Live Chess"]
[Site "Chess.com"]
[Date "2024.06.02"]
[Round "-"]
[White "wadsy27"]
[Black "Tatarinov_Maxim"]
[Result "1/2-1/2"]
[WhiteElo "2578"]
[BlackElo "2269"]
[TimeControl "300"]
[EndTime "0:50:30 PDT"]
[Termination "Game drawn - insufficient material"]

1. e4 c5 2. Nf3 Nc6 3. g3 g6 4. Bg2 Bg7 5. O-O d6 6. d3 e6 7. Nbd2 Nge7 8. Re1 O-O 9. a4 a6 10. Nc4 Rb8 11. Bf4 e5 12. Bg5 b5 13.
axb5 axb5 14. Bxe7 Nxe7 15. Ne3 h6 16. Ra7 Nc6 17.
Ra3 Be6 18. h4 b4 19. Ra1 Nd4 20. b3 Qd7 21. Kh2 f5 22. Nxd4 exd4 23. exf5 Bxf5 24. Nxf5 Qxf5 25. f4 Bf6 26. Ra7 Rf7 27. Rxf7 Kxf7 28. Qf3 Re8 29. g4 Qd7 30. Qd5+ Kg7 31. Rxe8 Qxe8 32.
g5 hxg5 33. hxg5 Be7 34. Be4 Qf7 35. Qxf7+ Kxf7 36. Kg3 Bd8 37. Bd5+ Ke7 38. Kf3 Bc7 39. Ke4 Bd8 40. Bb7 Ke6 41. Bc8+ Kf7 42. Kd5 Be7 43. Bd7 Bf8 44. Be6+ Ke7 45. Bg8 Bg7 46. Bh7 Kf7 47. Kxd6 Bf8+ 48. Kd7 Kg7 49. Bxg6 Kxg6 50. Ke6 Bg7 51.
Ke7 Bh8 52. Ke6 Bg7 53. Ke7 Bh8 54. Kd6 Kf5 55. Kxc5 Kxf4 56. g6 Kf5 57. Kxb4 Kxg6 58. Kc5 Kf5 59. b4 Ke6 60. Kc6 Be5 61. b5 Kf5 62. b6 Kf4 63. b7 Ke3 64. Kd5 Bh2 65.
Kc4 Bb8 66. c3 dxc3 67. Kxc3 Kf4 68. Kc4 Ke5 69. Kc5 Ke6 70. Kc6 Ke7 71. d4 Kd8 72. d5 Bc7 73. Kb5 Kd7 74. Ka6 Kd6 75. Ka7 Kxd5 76. b8=Q Bxb8+ 1/2-1/2